Map: 2000 Atmospheres LE

Players

Semper

  • Race: Terran Terran

PureLegacy - Winner!

  • Race: Terran Terran

Event: DreamHack SC2 Masters 2021 Winter

VOD

Have the link to the VOD?

Description

Time

  • Played on: Oct. 10, 2021, 4:49 p.m.
  • Length: 21:15

All games in this series

Show
View Real Time Build Order
Export as new Build Order

Semper Terran 

Build Orders:  

Get SALT Encoding   

  12  0:00  SCV  
  13  0:12  SCV  
  14  0:17  Supply Depot  
  14  0:24  SCV  
  15  0:38  SCV  
  15  0:41  Barracks  
  16  0:44  Refinery  
  16  0:50  SCV  
  16  0:54  Refinery  
  17  1:03  SCV  
  18  1:15  SCV  
  19  1:29  Barracks Reactor, Orbital Command  
  19  1:40  Supply Depot  
  19  1:48  Factory  
  19  1:56  SCV  
  20  2:05  Reaper x2  
  20  2:08  SCV  
  23  2:15  Supply Depot  
  23  2:20  SCV  
  24  2:31  Hellion  
  24  2:32  SCV  
  27  2:37  Reaper x2  
  29  2:47  Command Center  
  29  2:53  Hellion  
  29  2:57  SCV  
  32  3:05  Starport  
  32  3:09  Marine x2  
  34  3:16  Factory Tech Lab  
  34  3:17  SCV  
  35  3:24  Supply Depot  
  35  3:29  SCV, Marine x2  
  38  3:45  SCV  
  38  3:46  Cyclone  
  38  3:48  Starport Tech Lab  
  42  3:56  Refinery  
  42  3:57  SCV, Marine x2  
  42  4:00  Orbital Command  
  45  4:07  Raven  
  47  4:13  SCV  
  47  4:21  Cyclone  
  47  4:22  Marine  
  47  4:23  Marine  
  52  4:25  SCV  
  52  4:34  SCV  
  52  4:40  SCV, Marine x2  
  52  4:42  Supply Depot  
  55  4:46  SCV  
  55  4:50  Raven  
  58  4:55  SCV  
  59  5:02  Command Center  
  59  5:04  SCV  
  60  5:10  SCV  
  60  5:12  Supply Depot, Siege Tank  
  64  5:15  Marine x2  
  64  5:18  SCV  
  67  5:25  SCV  
  70  5:39  SCV  
  70  5:42  Supply Depot x2  
  69  5:43  Barracks Tech Lab  
  69  5:46  SCV  
  69  5:47  Siege Tank, Barracks  
  69  5:49  Barracks  
  73  5:57  SCV  
  74  6:07  Viking x2  
  74  6:09  Stimpack, Marine  
  79  6:12  SCV x2  
  79  6:13  Supply Depot  
  79  6:17  Orbital Command  
  81  6:24  SCV, Refinery  
  82  6:26  Siege Tank  
  82  6:30  SCV  
  85  6:40  Viking  
  85  6:41  Viking  
  85  6:45  Orbital Command  
  89  6:51  Barracks Reactor  
  89  6:52  Combat Shield, Marine  
  89  6:53  Marauder  
  92  6:55  SCV x2  
  92  7:01  Siege Tank  
  97  7:07  SCV  
  99  7:08  SCV  
  99  7:10  SCV  
  99  7:13  Refinery  
  99  7:15  Refinery  
  102  7:16  Viking x2  
  102  7:20  SCV x2  
  107  7:22  SCV  
  107  7:29  Marauder, Supply Depot, Marine  
  110  7:30  Supply Depot  
  110  7:32  SCV x2  
  110  7:33  Marine  
  110  7:34  Marauder  
  116  7:37  SCV  
  116  7:44  SCV  
  117  7:50  Viking x2, Barracks  
  117  7:51  Siege Tank  
  124  7:55  Barracks  
  124  7:56  SCV x2  
  126  8:00  SCV  
  127  8:08  SCV  
  127  8:09  SCV  
  127  8:12  Engineering Bay x2  
  129  8:14  Marauder x2, Starport, Concussive Shells  
  133  8:27  Supply Depot  
  133  8:28  Supply Depot  
  133  8:29  Viking x2  
  133  8:30  Supply Depot  
  133  8:31  SCV x3  
  139  8:42  Command Center  
  139  8:46  Barracks Reactor, Barracks Tech Lab  
  139  8:48  SCV x2  
  141  8:51  Supply Depot  
  141  8:53  Supply Depot  
  141  9:01  Marauder, Marine x2  
  144  9:03  Viking  
  144  9:04  Viking, Starport Reactor  
  144  9:09  Siege Tank  
  151  9:15  SCV x2  
  153  9:18  Terran Infantry Weapons Level 1  
  153  9:19  Terran Infantry Armor Level 1  
  153  9:20  Marauder x2  
  153  9:21  SCV  
  153  9:22  Marauder  
  159  9:35  Viking  
  159  9:36  Viking  
  163  9:41  Siege Tank  
  163  9:42  Viking x2, Armory  
  170  9:46  SCV x2  
  171  10:03  Supply Depot  
  171  10:05  Viking  
  171  10:06  Viking  
  175  10:12  Viking x2  
  179  10:18  Siege Tank  
  163  10:22  Marine  
  163  10:23  Marauder x3, Marine  
  169  10:35  Viking  
  169  10:36  Viking  
  169  10:42  Liberator x2, Terran Ship Weapons Level 1  
  179  10:43  Marine  
  179  10:44  Fusion Core  
  180  10:50  Siege Tank  
  180  10:52  Marauder, Marine  
  180  10:53  Marauder x2, Marine x2  
  192  10:59  Planetary Fortress  
  192  11:01  Refinery x2  
  192  11:02  SCV x2  
  194  11:08  Starport  
  188  11:12  Command Center  
  184  11:22  Liberator x2  
  184  11:25  Siege Tank  
  170  11:28  Marauder x2, Marine x5  
  177  11:37  Factory, SCV x2  
  179  11:46  Starport Reactor, Marine  
  180  11:50  Advanced Ballistics  
  180  11:52  Terran Infantry Weapons Level 2  
  180  11:53  Marine x4  
  184  11:59  Liberator  
  186  12:01  Marine x2  
  186  12:03  Marine  
  189  12:11  Marauder  
  186  12:16  Siege Tank  
  186  12:21  Liberator  
  182  12:25  Liberator  
  183  12:36  Marauder x2, Factory Tech Lab  
  187  12:37  Terran Infantry Armor Level 2  
  187  12:46  Sensor Tower  
  187  12:48  Siege Tank  
  190  12:51  Viking  
  190  12:52  Missile Turret, Command Center  
  190  12:53  Command Center  
  190  12:54  Command Center, Marine x3  
  194  13:04  Siege Tank  
  194  13:05  Liberator  
  185  13:27  Liberator x2  
  185  13:28  Liberator, Viking x2  
  185  13:30  Terran Vehicle And Ship Armor Level 1  
  185  13:31  Orbital Command  
  198  13:42  Starport x2  
  198  13:48  Viking  
  200  13:57  Refinery  
  200  13:58  Refinery  
  185  14:05  Viking  
  185  14:08  Siege Tank  
  160  14:11  Viking x2  
  160  14:15  Liberator x2  
  162  14:25  Viking  
  162  14:28  Siege Tank  
  163  14:34  Marauder, Marine  
  163  14:35  Marauder  
  163  14:37  Viking  
  165  14:40  Siege Tank  
  165  14:41  Viking  
  165  14:42  Orbital Command  
  153  14:47  Marine x3  
  153  14:48  Marauder  
  153  14:50  SCV  
  153  14:51  SCV x2, Bunker  
  156  14:56  SCV  
  157  15:00  Siege Tank  
  157  15:01  Marine x2  
  157  15:03  SCV  
  160  15:08  SCV  
  160  15:11  Starport Tech Lab  
  160  15:12  Siege Tank, Starport Tech Lab  
  164  15:21  Refinery  
  164  15:22  Sensor Tower  
  164  15:26  Viking x2  
  153  15:37  Liberator  
  153  15:38  Liberator x2  
  153  15:42  Orbital Command  
  147  15:45  Liberator x2  
  148  15:57  Siege Tank, Marine  
  148  15:58  Marauder, Marine x3, Orbital Command  
  157  16:06  Orbital Command  
  157  16:11  Liberator x2  
  157  16:12  Marine  
  164  16:20  Viking  
  166  16:25  Marine  
  162  16:37  Liberator, Orbital Command  
  151  16:40  Marine  
  151  16:41  Marauder  
  151  16:44  Liberator  
  145  16:48  Marine x3  
  145  16:52  Marine  
  123  17:10  Viking x2  
  125  17:17  SCV x3  
  125  17:19  SCV x3  
  125  17:21  SCV  
  132  17:25  Refinery  
  132  17:32  Viking x2  
  136  17:40  Missile Turret  
  136  17:41  Missile Turret  
  136  17:43  Sensor Tower  
  136  17:46  Viking  
  133  17:53  Medivac x2  
  133  17:56  SCV  
  134  17:59  SCV x2  
  136  18:07  Siege Tank  
  136  18:08  Viking x3  
  136  18:12  SCV  
  146  18:17  Marauder x3, Marine x2  
  146  18:18  Marine  
  155  18:20  Orbital Command  
  155  18:28  Siege Tank  
  158  18:38  Viking x2  
  158  18:39  Siege Tank, Viking  
  151  18:48  Marine x2  
  138  18:49  Marauder  
  138  18:52  Medivac, Viking  
  138  18:53  Marine  
  138  18:54  Marine x3  
  145  19:00  Siege Tank  
  145  19:01  SCV  
  145  19:02  SCV  
  146  19:06  Marine x2  
  146  19:07  Viking x3  
  151  19:10  Marauder, SCV x2  
  151  19:11  Marine  
  151  19:12  Marine x3  
  151  19:17  Orbital Command  
  158  19:23  Marine  
  158  19:24  Marine  
  158  19:29  Marine x3  
  158  19:30  Marauder  
  163  19:31  SCV, Marine  
  161  19:41  Marine  
  161  19:42  Marine  
  161  19:43  Liberator  
  156  19:47  Marine x3  
  156  19:49  Marauder  
  156  19:50  SCV  
  156  19:51  Marine  
  158  19:59  Marine x2  
  115  20:03  Siege Tank  
  115  20:05  Marine x2  
  115  20:06  Marauder, SCV  
  104  20:09  Marine  
  104  20:10  Marine  
  104  20:17  Marine x2  
  106  20:22  SCV x3  
  106  20:23  Marine x2  
  106  20:24  Orbital Command  
  106  20:26  SCV x2, Marine x2  
  115  20:30  Medivac  
  115  20:31  Medivac  
  115  20:34  SCV x3  
  115  20:35  Marine  
  119  20:38  SCV  
  119  20:41  Marine  
  119  20:42  Marine x3  
  118  20:44  Marine x2  
  124  20:53  Marine  
Show
View Real Time Build Order
Export as new Build Order

PureLegacy Terran - Winner!

Build Orders: Mech 

Get SALT Encoding   

  12  0:02  SCV  
  13  0:14  SCV  
  13  0:18  Supply Depot  
  14  0:26  SCV  
  15  0:39  SCV  
  15  0:41  Barracks  
  16  0:44  Refinery  
  16  0:51  SCV  
  16  0:53  Refinery  
  17  1:04  SCV  
  18  1:16  SCV  
  19  1:28  Reaper, Orbital Command  
  19  1:29  Supply Depot  
  20  1:49  Factory  
  20  1:54  SCV  
  20  2:00  Reaper  
  22  2:06  SCV  
  23  2:21  SCV  
  24  2:28  Command Center  
  24  2:34  Hellion  
  24  2:35  Reaper  
  27  2:42  Supply Depot, SCV  
  28  2:55  Starport  
  28  2:56  Hellion  
  31  2:58  SCV  
  31  3:08  Barracks Reactor  
  31  3:15  SCV  
  31  3:18  Factory Tech Lab  
  31  3:27  SCV  
  31  3:30  Viking  
  34  3:38  Cyclone  
  34  3:39  SCV, Orbital Command  
  38  3:45  Marine x2  
  38  3:48  Supply Depot  
  40  3:51  SCV  
  41  4:00  Orbital Command  
  41  4:08  SCV  
  42  4:10  Siege Tank  
  45  4:19  Viking  
  45  4:23  SCV  
  48  4:27  SCV  
  47  4:34  Viking  
  47  4:35  SCV  
  47  4:38  Supply Depot, Refinery  
  50  4:40  SCV  
  51  4:47  SCV  
  51  4:52  SCV  
  52  4:59  SCV, Siege Tank  
  54  5:01  Command Center  
  54  5:04  SCV  
  54  5:06  Refinery  
  55  5:11  SCV  
  56  5:16  SCV  
  56  5:17  Viking x2  
  56  5:21  Supply Depot  
  61  5:24  SCV  
  61  5:28  SCV  
  63  5:32  Siege Tank  
  66  5:37  SCV  
  66  5:40  SCV, Engineering Bay  
  68  5:43  Supply Depot  
  68  5:49  SCV  
  67  5:50  Viking x2  
  72  5:57  SCV  
  72  6:01  SCV  
  72  6:04  Siege Tank  
  76  6:07  Supply Depot  
  76  6:08  Barracks Tech Lab  
  76  6:11  Factory  
  76  6:16  SCV  
  76  6:17  SCV  
  77  6:19  Orbital Command  
  77  6:20  Viking  
  77  6:24  Viking  
  81  6:28  SCV  
  82  6:38  SCV  
  83  6:40  Siege Tank  
  83  6:42  SCV  
  83  6:43  Supply Depot, Orbital Command  
  87  6:50  SCV  
  87  6:53  Refinery  
  85  6:54  SCV  
  85  6:55  Refinery  
  85  6:58  Viking x2  
  85  7:01  Sensor Tower  
  90  7:02  SCV  
  90  7:09  SCV x2  
  90  7:14  Supply Depot, SCV  
  93  7:15  Siege Tank  
  93  7:16  Sensor Tower  
  93  7:19  Siege Tank  
  99  7:24  SCV x2  
  100  7:30  Factory, SCV  
  100  7:32  Supply Depot  
  100  7:36  SCV  
  102  7:37  Viking x2  
  102  7:38  SCV  
  107  7:47  Missile Turret, SCV  
  107  7:48  SCV  
  107  7:51  SCV  
  110  7:53  Siege Tank x2  
  110  7:56  Missile Turret  
  110  7:57  Supply Depot  
  116  7:59  SCV  
  116  8:05  Armory  
  117  8:15  Command Center  
  117  8:24  Factory Reactor  
  117  8:25  Siege Tank  
  120  8:27  Starport  
  120  8:29  Siege Tank  
  120  8:31  Factory  
  120  8:33  SCV x3  
  126  8:36  Supply Depot  
  126  8:37  Supply Depot  
  126  8:40  Viking  
  128  8:42  Viking  
  130  8:50  SCV x2  
  132  8:58  SCV  
  132  8:59  Supply Depot  
  133  9:07  Siege Tank x2  
  141  9:10  Hellion x2, Viking  
  141  9:11  SCV x3  
  141  9:16  Supply Depot, Factory Tech Lab  
  148  9:17  Smart Servos  
  148  9:20  Viking, Terran Vehicle And Ship Armor Level 1  
  150  9:25  SCV  
  150  9:26  SCV  
  150  9:30  SCV  
  153  9:32  Starport Reactor  
  153  9:37  SCV  
  154  9:39  SCV  
  154  9:42  Supply Depot  
  154  9:43  SCV  
  156  9:46  Siege Tank  
  156  9:47  Refinery, Siege Tank  
  156  9:48  Missile Turret  
  156  9:49  Sensor Tower  
  156  9:50  SCV  
  156  9:51  SCV  
  156  9:52  Refinery  
  164  9:58  Sensor Tower  
  163  10:04  Viking  
  163  10:05  Viking  
  168  10:19  Hellion x2, Siege Tank  
  163  10:22  Missile Turret, Viking x2, Armory  
  163  10:24  Thor  
  163  10:28  SCV x2  
  172  10:30  Missile Turret  
  170  10:37  Viking  
  170  10:38  Viking  
  170  10:41  Thor  
  172  10:45  Hellion x2  
  172  10:47  Planetary Fortress  
  174  10:53  Supply Depot  
  174  10:54  Supply Depot, Viking x2  
  178  10:59  Infernal Pre-Igniter  
  178  11:10  Viking  
  178  11:11  Viking  
  182  11:14  Hellion  
  182  11:15  Hellion  
  182  11:16  Thor  
  188  11:24  Viking x2  
  178  11:36  Command Center  
  178  11:37  Starport  
  178  11:40  Viking x2  
  178  11:43  Terran Ship Weapons Level 1, Factory Tech Lab  
  178  11:46  Missile Turret  
  182  11:47  Terran Vehicle And Ship Armor Level 2  
  182  11:53  Missile Turret  
  182  11:54  Missile Turret  
  182  12:00  Hellion x2, Siege Tank  
  182  12:01  Siege Tank  
  192  12:06  Viking x2  
  196  12:11  Hellion  
  179  12:26  Viking x2  
  179  12:27  Hellion x2, Starport Reactor  
  179  12:28  Siege Tank  
  182  12:32  Factory  
  182  12:37  Viking x2  
  182  12:39  Hi-Sec Auto Tracking  
  186  12:46  Command Center  
  186  12:48  Hellion, Siege Tank  
  186  12:51  Refinery x2  
  191  12:55  Viking  
  191  12:56  Hellion x2  
  197  13:00  Viking  
  199  13:11  Missile Turret  
  198  13:24  Refinery  
  198  13:33  Viking, Armory  
  200  13:34  Planetary Fortress  
  200  13:36  Neosteel Armor  
  200  13:39  Missile Turret  
  200  13:40  Command Center  
  200  13:48  Missile Turret  
  200  13:50  Terran Ship Weapons Level 2  
  200  14:00  Viking x2  
  171  14:14  Siege Tank x2  
  171  14:15  Siege Tank  
  171  14:16  Hellion x2, Factory Reactor  
  177  14:17  Viking  
  177  14:18  Viking x3  
  185  14:30  Viking x2  
  181  14:38  Terran Vehicle And Ship Armor Level 3, Terran Vehicle Weapons Level 1  
  179  14:47  Viking x2  
  179  14:48  Viking x2  
  178  14:58  Sensor Tower  
  178  15:00  Viking x2  
  178  15:06  Orbital Command  
  182  15:12  SCV x5  
  187  15:17  Viking x2  
  187  15:18  Viking  
  187  15:20  Viking  
  195  15:27  SCV x3  
  198  15:30  Viking  
  156  15:43  Viking  
  156  15:47  Viking x2  
  156  15:48  Viking  
  170  15:57  Viking  
  172  16:00  Viking  
  172  16:01  Thor x2  
  172  16:02  Thor  
  184  16:06  Planetary Fortress  
  184  16:09  Terran Ship Weapons Level 3  
  184  16:19  Viking x2  
  184  16:20  Viking  
  179  16:45  Viking  
  179  16:46  Viking x2  
  164  16:49  Viking x3  
  164  16:52  Siege Tank x2  
  164  16:53  Siege Tank  
  173  16:54  Hellion x4  
  152  17:15  Viking  
  152  17:16  Missile Turret, Viking x2  
  152  17:17  Refinery  
  152  17:19  Refinery  
  158  17:24  Siege Tank x2, Command Center  
  158  17:25  Hellion x4  
  172  17:39  Siege Tank  
  172  17:41  Viking x3  
  181  17:45  Viking  
  181  17:56  Siege Tank  
  181  17:57  Hellion x2, Siege Tank  
  181  17:58  Hellion x2  
  189  17:59  Viking x2  
  154  18:12  Viking  
  193  18:13  Viking x2  
  199  18:20  Terran Vehicle Weapons Level 2  
  193  18:45  Viking x2  
  193  18:47  Viking x4  
  195  18:53  Siege Tank x2  
  191  19:18  Hellion x3  
  195  19:33  Liberator  
  195  19:36  Unknown, Fusion Core  
  198  19:58  Siege Tank  
  198  19:59  Siege Tank x2  
  186  20:04  Hellion  
  186  20:05  Liberator x4, Hellion x3  
  183  20:12  Liberator  
  168  20:22  Planetary Fortress  
  168  20:25  Missile Turret  
  168  20:26  Hellion  
  170  20:30  Factory  
  170  20:31  Hellion, Siege Tank x2  
  170  20:32  Hellion x3, Factory  
  170  20:43  Viking  
  170  20:47  Hellion  

Tags
 
Add a new tag
Caveats
  • Supply blocks, unpowered buildings, or Contaminate may cause inaccurate times.
  • Supply counts are checked every 10 seconds.